AoeStats
← Gaster

Arabia

510822130Analyzed
1v1 RM · 12h ago on Oct 2, 2026· 43m 33s· 2 players
Game mode
Random Map
Map size
Tiny (2 player)
Population
200
Speed
Normal
Resources
Standard
Victory
Conquest
Starting age
Dark Age
Ending age
Imperial Age
RankedLock teamsTeams togetherTeam positionsShared explorationLock speedFull tech treeHidden civsTurbo modeCheats
Victory
Defeat
🇬🇧 Franks · United Kingdom
872
+16
🇬🇷 Goths · Greece
877
-16
Gaster
6:37 Loom
9:37 Feudal Age
11:04 Double-Bit Axe
20:07 Castle Age
20:14 Fletching
22:09 Bow Saw
22:24 Pikeman
24:51 Scale Mail Armor
24:49 Bodkin Arrow
25:04 Forging
25:00 Scale Barding Armor
30:21 Wheelbarrow
29:32 Town Watch
36:56 Imperial Age
35:29 Chain Barding Armor
37:06 Iron Casting
38:15 Plate Barding Armor
37:10 Cavalier
38:58 Ballistics
39:48 Blast Furnace
40:51 Husbandry
Alexis14P
8:07 Loom
10:46 Feudal Age
20:25 Castle Age
21:44 Forging
20:59 Man-at-Arms
23:11 Double-Bit Axe
27:22 Scale Barding Armor
26:41 Long Swordsman
31:31 Pikeman
37:59 Imperial Age
35:37 Gold Mining
36:25 Iron Casting
36:51 Anarchy
36:58 Squires
37:17 Bow Saw
37:49 Scale Mail Armor
38:17 Halberdier
Connection lost

Rejoining the realm…

Still unreachable

The connection could not be restored.

Session expired

The server has moved on; the page needs a fresh start.